 Seeded DCSS version 0.28-a0-1447-ga5a8893891 (webtiles) character file.

Game seed: 16547235032290611671 (custom seed)

22519 flotson the Fighter (level 12, 0/95 HPs)
             Began as a Demonspawn Gladiator on Jan 12, 2022.
             Was an Initiate of Gozag.
             Slain by a sixfirhy (7 damage)
             ... in a Gauntlet.
             The game lasted 00:21:32 (13862 turns).

flotson the Fighter (Demonspawn Gladiator)         Turns: 13862, Time: 00:21:33

Health: 0/95       AC:  8    Str: 19    XL:     12   Next: 63%
Magic:  0/12       EV: 19    Int: 13    God:    Gozag
Gold:   1993       SH:  6    Dex: 22    Spells: 11/11 levels left

rFire   . . .      SeeInvis .   a - +10 war axe of Urgency {vorpal, Int+4}
rCold   + . .      Faith    .   e - +0 buckler
rNeg    . . .      Spirit   +   j - +2 ring mail {rC+}
rPois   .          Reflect  .   (helmet restricted)
rElec   .          Harm     .   Q - scarf {shadows}
rCorr   .          Rampage  .   (no gloves)
Will    +....      NoTele   +   (no boots)
Stlth   +.........              N - amulet of guardian spirit
HPRegen 0.25/turn               g - +6 ring of dexterity
MPRegen 0.13/turn               q - ring of willpower

@: no status effects
A: horns 2, repulsion field 1, ignite blood 2, spiny 1
a: Renounce Religion, Potion Petition, Call Merchant, Bribe Branch


You were in a Gauntlet.
You worshipped Gozag.
Gozag was most pleased with you.
You visited 3 branches of the dungeon, and saw 14 of its levels.
You also visited: Ossuary and Gauntlet.

You collected 2325 gold pieces.
You spent 224 gold pieces at shops.
You paid 108 gold pieces to Gozag.

Inventory:

Hand Weapons
 a - the +10 war axe of Urgency (weapon) {vorpal, Int+4}
   (You bought it in a shop on level 1 of the Dungeon)

   It inflicts extra damage upon your enemies.
   Int:       It affects your intelligence (+4).
 b - the +4 hunting sling of Aceubagg {flame, rPois Int-2 Dex+4}
   (You bought it in a shop on level 1 of the Dungeon)

   Any ammunition fired from it burns those it strikes, dealing additional fire
   damage.
   Int:       It affects your intelligence (-2).
   Dex:       It affects your dexterity (+4).
   rPois:     It protects you from poison.
Missiles
 d - 3 throwing nets (quivered)
 f - 3 datura-tipped darts
 r - 46 sling bullets
 w - 46 poisoned darts
 L - 11 javelins
 T - a curare-tipped dart
 X - 2 silver javelins
Armour
 e - a +0 buckler (worn)
 j - a +2 ring mail of cold resistance (worn)
 Q - a scarf of shadows (worn)
Jewellery
 g - a +6 ring of dexterity (left hand)
 q - a ring of willpower (right hand)
 K - a ring of fire
 N - an amulet of guardian spirit (around neck)
 U - a ring of ice
 V - a ring of resist corrosion
Wands
 z - a wand of flame (21)
 B - a wand of iceblast (5)
 O - a wand of paralysis (7)
 W - a wand of mindburst (9)
Scrolls
 c - a scroll of magic mapping {unknown}
 h - 4 scrolls of teleportation {unknown}
 i - 3 scrolls of identify
 n - 2 scrolls of vulnerability {unknown}
 o - 2 scrolls of torment {unknown}
 v - 2 scrolls of amnesia {unknown}
 y - a scroll of enchant weapon {unknown}
 C - 5 scrolls of blinking {unknown}
 D - a scroll of fear {unknown}
 E - a scroll of fog {unknown}
 I - a scroll of summoning {unknown}
 M - a scroll of noise {unknown}
 P - a scroll of enchant armour {unknown}
 Z - a scroll of immolation {unknown}
Potions
 l - 4 potions of berserk rage
 m - a potion of mutation
 p - 2 potions of attraction
 s - 2 potions of heal wounds
 x - 7 potions of curing
 A - a potion of ambrosia
 F - 2 potions of haste
 G - 6 potions of cancellation
 H - 2 potions of lignification
 J - a potion of invisibility
 Y - a potion of flight {unknown}


   Skills:
 + Level 9.2 Fighting
 + Level 8.5 Axes
 + Level 8.3 Throwing
 + Level 8.0 Armour
 + Level 8.7 Dodging
 - Level 4.0 Shields
 + Level 7.5 Evocations


You had 11 spell levels left.
You didn't know any spells.
Your spell library contained the following spells:

 Spells                   Type           Power      Damage    Failure   Level
 Shock                    Conj/Air       0%         1d3       54%         1
 Blink                    Tloc           0%         N/A       67%         2
 Static Discharge         Conj/Air       0%         N/A       67%         2
 Conjure Flame            Conj/Fire      0%         6-21      88%         3
 Dazzling Flash           Conj/Hex       0%         N/A       88%         3
 Ignite Poison            Fire/Tmut/Pois 0%         N/A       88%         3
 Lesser Beckoning         Tloc           0%         N/A       88%         3
 Swiftness                Air            0%         N/A       88%         3
 Airstrike                Air            0%         N/A       99%         4
 Dispel Undead            Necr           0%         3d6       99%         4
 Iskenderun's Mystic Bla  Conj/Tloc      0%         2d3       99%         4
 Sticky Flame             Conj/Fire      0%         2d3       99%         4
 Lightning Bolt           Conj/Air       0%         1d11      100%        5
 Manifold Assault         Tloc           0%         N/A       100%        5
 Dispersal                Tloc           0%         N/A       100%        6
 Starburst                Conj/Fire      0%         6d3       100%        6
 Disjunction              Tloc           0%         N/A       100%        8
 Maxwell's Capacitive Co  Air            0%         ∞         100%        8


Dungeon Overview and Level Annotations

Branches:
Dungeon (10/15)            Temple (1/1) D:6            Lair (3/6) D:9
Ossuary (visited)         Gauntlet (1/1)
  Swamp: Lair:2-4    Shoals: Lair:2-4     Snake: Lair:2-4    Spider: Lair:2-4
    Orc: D:9-12

Altars:
Dithmenos
Gozag
Ru
Sif Muna
Zin

Shops:
D:1 (   D:6 *

Annotations:
Gauntlet 11 transporters


Innate Abilities, Weirdness & Mutations

You have a pair of horns on your head.
You are surrounded by a mild repulsion field. (EV +2)
Your demonic aura often causes spilled blood to erupt in flames.
You are partially covered in sharp spines.


Message History

The sixfirhy is struck by your spines. The sixfirhy completely misses you.
The sixfirhy is struck by your spines. The sixfirhy completely misses you.
The sixfirhy hits you but does no damage.
The sixfirhy misses you.
You miss the sixfirhy.
You headbutt the sixfirhy, but do no damage.
The sixfirhy is lightly wounded.
You hit the demonic plant. You completely miss the sixfirhy.
You slash the sixfirhy! x2
The demonic plant is engulfed in blazing flames.
The sixfirhy is struck by your spines. The sixfirhy hits you.
The sixfirhy shocks you!
The sixfirhy hits you but does no damage.
The sixfirhy is struck by your spines. The sixfirhy closely misses you.
The sixfirhy hits you. The sixfirhy shocks you!
You block the sixfirhy's attack. x2; The sixfirhy closely misses you. x2
The sixfirhy barely misses you. The sixfirhy is struck by your spines.
The sixfirhy hits you. The sixfirhy shocks you!
The sixfirhy is struck by your spines. The sixfirhy barely misses you.
The demonic plant is engulfed in blazing flames.
The demonic plant is engulfed in blazing flames.
A nearby demonic plant withers and dies.
The sixfirhy hits you! The sixfirhy shocks you!
* * * LOW HITPOINT WARNING * * *
The sixfirhy is struck by your spines. The sixfirhy hits you.
* * * LOW HITPOINT WARNING * * *
The sixfirhy shocks you!
* * * LOW HITPOINT WARNING * * *
You feel much better. The sixfirhy hits you.
* * * LOW HITPOINT WARNING * * *
The sixfirhy shocks you!
* * * LOW HITPOINT WARNING * * *
The sixfirhy completely misses you. You block the sixfirhy's attack.
The sixfirhy is struck by your spines.
The sixfirhy hits you but does no damage.
The sixfirhy is struck by your spines.
The sixfirhy hits you but does no damage.
The sixfirhy hits you!
You die...
Your body crumbles into a pile of gold.

#≈...........§§§......8.....
##.8.....8.....8............
#≈...............###########
##...#########...#.RE#.###.#
#≈...#.......#...###R##..#.#
##...#.⌠.#.#?#######.©..##.#
#≈...#....°..#...#E.###E##!#
##.8©#.8.33#©#©8©###.##.#.©#
#≈...#...33@[#...###...###=#
##...#.8.#.#"#####...##.##:#
#≈...#.......#...###h##....#
##...#########...###Rh..##.#
#≈...............###########
##.8.....8.....8............
##.....................8.....
#§§..###########.............
##...#5##p#p#.##...#########.


You could see 4 sixfirhies.

Vanquished Creatures
  Fannar (D:10)
  A hydra (Lair:2)
  An ogre mage (D:10)
  Erica (D:10)
  The ghost of Clumpoid the Brawler, a novice TrGl of the Shining One (D:9)
  5 two-headed ogres
  Pikel (D:5)
  A black mamba (Lair:3)
  6 cane toads
  A rime drake (Lair:2)
  A komodo dragon (Lair:1)
  A troll (D:10)
  Prince Ribbit (D:7)
  12 blink frogs
  A wraith (D:9)
  2 vampires
  24 yaks
  A wyvern (Lair:2)
  Eustachio (D:5)
  Grum (D:10)
  3 steam dragons (D:9)
  9 water moccasins
  Duvessa (D:7)
  3 sky beasts
  4 orc warriors
  A hornet zombie (D:5)
  2 black bears
  4 ogres
  3 necrophages
  6 wolves
  A phantom (D:5)
  3 lemures
  3 centaurs
  3 kobold brigands
  2 scorpions
  13 bullfrogs
  A gnoll sergeant (D:10)
  5 water moccasin zombies (Ossuary)
  Dowan (D:7)
  2 vampire bats (Lair:3)
  6 wights
  An electric eel (Lair:1)
  A centaur zombie (D:7)
  A bullfrog zombie (D:5)
  3 jellies
  A centaur skeleton (D:7)
  4 orc priests
  A gnoll shaman (D:10)
  7 hounds
  2 iguanas
  7 orc wizards
  2 mummies (Ossuary)
  7 gnolls (D:10)
  6 adders
  A shadow imp (D:5)
  A white imp (D:6)
  2 ufetubi
  3 adder zombies (Ossuary)
  An adder skeleton (D:4)
  3 worms
  4 dart slugs
  32 orcs
  6 ball pythons
  6 endoplasms
  3 giant cockroaches
  6 gnoll zombies (Ossuary)
  10 goblins
  4 hobgoblins
  5 quokkas
  3 bats
  2 frilled lizards
  5 hobgoblin zombies (Ossuary)
  24 kobolds
  5 kobold zombies (Ossuary)
  6 rats
315 creatures vanquished.

Vanquished Creatures (others)
  A sky beast (D:9)
  4 demonic plants (Gauntlet)
  24 fungi
  20 plants
49 creatures vanquished.

Grand Total: 364 creatures vanquished

Notes
Turn   | Place    | Note
-------+----------+-------------------------------------------
     0 | D:1      | flotson the Demonspawn Gladiator began the quest for the
                  | Orb.
     0 | D:1      | Reached XP level 1. HP: 16/16 MP: 1/1
    29 | D:1      | Found Vik Jeol's Antique Weapon Shoppe.
   315 | D:1      | Gained mutation: Your demonic aura sometimes causes spilled
                  | blood to erupt in flames. [demonic ancestry]
   315 | D:1      | Reached XP level 2. HP: 22/22 MP: 2/2
  1036 | D:2      | Gained mutation: You are partially covered in sharp spines.
                  | [demonic ancestry]
  1036 | D:2      | Reached XP level 3. HP: 5/28 MP: 3/3
  1306 | D:2      | Identified the +1 scale mail of Piot {*Slow rPois Int+2}
  1373 | D:2      | Reached skill level 1 in Armour
  2033 | D:3      | Reached XP level 4. HP: 31/34 MP: 4/4
  2696 | D:4      | Gained mutation: You are surrounded by a mild repulsion
                  | field. (EV +2) [demonic ancestry]
  2696 | D:4      | Reached XP level 5. HP: 40/40 MP: 5/5
  3071 | D:4      | Reached skill level 3 in Fighting
  3071 | D:4      | Reached skill level 1 in Shields
  3154 | D:5      | Entered Level 5 of the Dungeon
  3154 | D:5      | Noticed an ogre
  3154 | D:5      | Noticed a water moccasin
  3162 | D:4      | Killed an ogre
  3232 | D:5      | Gained mutation: You have a pair of small horns on your
                  | head. [demonic ancestry]
  3232 | D:5      | Reached XP level 6. HP: 47/47 MP: 6/6
  3259 | D:5      | Noticed a sky beast
  3270 | D:5      | Killed a sky beast
  3295 | D:5      | Killed a water moccasin
  3405 | D:5      | Reached XP level 7. HP: 50/52 MP: 7/7
  3709 | D:5      | Noticed Eustachio
  3716 | D:5      | Killed Eustachio
  3772 | D:5      | Noticed Pikel
  3859 | D:1      | Bought a warped war axe for 127 gold pieces
  3859 | D:1      | Identified the +10 war axe of Urgency {vorpal, Int+4} (You
                  | bought it in a shop on level 1 of the Dungeon)
  3859 | D:1      | Bought a twisted hunting sling for 97 gold pieces
  3859 | D:1      | Identified the +4 hunting sling of Aceubagg {flame, rPois
                  | Int-2 Dex+4} (You bought it in a shop on level 1 of the
                  | Dungeon)
  3944 | D:5      | Reached skill level 4 in Fighting
  4170 | D:5      | Killed Pikel
  4171 | D:5      | Reached XP level 8. HP: 51/61 MP: 8/8
  4863 | D:6      | Found Cediy's Lightly-Used Armoury.
  4867 | D:6      | Found a sand-covered staircase.
  4873 | Ossuary  | Entered an ossuary
  4908 | Ossuary  | Reached skill level 5 in Dodging
  4914 | Ossuary  | Reached skill level 5 in Fighting
  4966 | Ossuary  | Reached skill level 1 in Evocations
  5154 | D:6      | Reached skill level 5 in Axes
  5217 | D:6      | Found a staircase to the Ecumenical Temple.
  5230 | Temple   | Entered the Ecumenical Temple
  5294 | D:6      | Reached XP level 9. HP: 65/68 MP: 9/9
  5542 | Temple   | Became a worshipper of Gozag Ym Sagoz the Greedy
  5900 | D:7      | Noticed Duvessa
  5900 | D:7      | Noticed Dowan
  5904 | D:7      | Noticed Prince Ribbit
  5906 | D:7      | Killed Dowan
  5908 | D:7      | Killed Duvessa
  5909 | D:7      | Killed Prince Ribbit
  5910 | D:7      | Reached skill level 5 in Throwing
  6246 | D:7      | Reached skill level 6 in Fighting
  6247 | D:7      | Reached skill level 5 in Armour
  7291 | D:8      | Reached XP level 10. HP: 63/76 MP: 10/10
  7652 | D:9      | Found a runed translucent door.
  7706 | D:9      | Found a staircase to the Lair.
  8810 | D:9      | Noticed Clumpoid's ghost (novice TrGl)
  8824 | D:9      | Killed Clumpoid's ghost
  9057 | D:10     | Entered Level 10 of the Dungeon
  9072 | D:10     | Noticed a two-headed ogre
  9074 | D:10     | Noticed a two-headed ogre
  9090 | D:10     | Killed a two-headed ogre
  9091 | D:10     | Reached skill level 7 in Fighting
  9127 | D:10     | Reached skill level 5 in Evocations
  9358 | D:10     | Noticed a two-headed ogre
  9358 | D:10     | Noticed an ogre mage
  9359 | D:10     | Noticed a two-headed ogre
  9359 | D:10     | Noticed Fannar
  9380 | D:9      | Killed a two-headed ogre
  9381 | D:9      | Gained mutation: Your demonic aura often causes spilled
                  | blood to erupt in flames. [demonic ancestry]
  9381 | D:9      | Reached XP level 11. HP: 43/84 MP: 11/11
  9590 | D:10     | Noticed Erica
  9599 | D:10     | Killed Erica
  9847 | D:10     | Noticed a two-headed ogre
  9854 | D:10     | Killed a two-headed ogre
  9893 | D:10     | Noticed Grum
  9899 | D:10     | Killed Grum
 10049 | D:10     | Killed a two-headed ogre
 10061 | D:10     | Killed a two-headed ogre
 10423 | D:10     | Killed Fannar
 10578 | D:10     | Killed an ogre mage
 10579 | D:10     | Reached skill level 8 in Fighting
 11127 | Lair:1   | Entered Level 1 of the Lair of Beasts
 11990 | Lair:1   | Gained mutation: You have a pair of horns on your head.
                  | [demonic ancestry]
 11990 | Lair:1   | Reached XP level 12. HP: 55/94 MP: 7/12
 12544 | Lair:2   | Noticed a four-headed hydra
 12550 | Lair:2   | Killed a four-headed hydra
 13220 | Lair:2   | Reached skill level 9 in Fighting
 13659 | Lair:3   | Found a gate leading to a gauntlet.
 13667 | Gauntlet | Entered a Gauntlet
 13667 | Gauntlet | Found a transporter.
 13677 | Gauntlet | Found a transporter.
 13689 | Gauntlet | Found a transporter.
 13693 | Gauntlet | Found a transporter.
 13703 | Gauntlet | Found a transporter.
 13734 | Gauntlet | Found a transporter.
 13734 | Gauntlet | Found a transporter.
 13739 | Gauntlet | Found a transporter.
 13767 | Gauntlet | Found a transporter.
 13767 | Gauntlet | Found a transporter.
 13770 | Gauntlet | Found a transporter.
 13804 | Gauntlet | Found a transporter.
 13862 | Gauntlet | Slain by a sixfirhy

Illustrated notes

Levels and vault maps discovered:
D:1:      nzn_arrival_settlement, layout_rooms, serial_shops,
          nicolae_shop_statue_plus, minmay_pentomino_q2
D:2:      layout_rooms
D:3:      layout_rooms, mainiacjoe_overflow_catwalk, st_stairs_9,
          hex_intersection
D:4:      layout_cave_pods, minmay_fountain_box
D:5:      layout_layer_cave, st_stairs_3, uniq_pikel, uniq_eustachio
D:6:      layout_loops_ring, minmay_temple_entry_nine_rooms,
          nicolae_ossuary_entry_plus, minmay_shop_damaged, hex_medium
D:7:      minmay_spotlight, layout_rooms, uniq_duvessa, uniq_prince_ribbit1
D:8:      layout_basic, grunt_decor_mini_mirrors, nzn_life_drinkers
D:9:      layout_long_grid, due_lair_maze_entry_diamond,
          ebering_ghost_reflecting_pool, hangedman_misty_isle
D:10:     layout_loops_corners, grunt_decor_fettered, minmay_misc_feat_room,
          uniq_erica, uniq_grum, uniq_fannar
Temple:   mainiacjoe_temple_archimedes_tessellation
Lair:1:   layout_layer_cave, nicolae_quartered_pool_little, lemuel_fruit_tree
Lair:2:   layout_roguey
Lair:3:   layout_small_grid, gauntlet_entry_generic,
          gammafunk_ghost_abyssal_escape, roderic_batcave, grunt_megastairs_4
Gauntlet: minmay_gauntlet_mixed_oops_all_seconds [minmay_gauntlet_arena_77_fan,
          gammafunk_gauntlet_arena_mazey, minmay_gauntlet_arena_77_museum,
          nicolae_gauntlet_arena_grate_2, minmay_gauntlet_arena_77_p_blocks,
          gammafunk_gauntlet_arena_crates, gauntlet_exit_hidden_loot]

Skill      XL: |  1  2  3  4  5  6  7  8  9 10 11 12 |
---------------+-------------------------------------+-----
Throwing       | 2 3 4 5 6 7 8 |  8.3
Axes           | 3 4 5 6 7 8 |  8.5
Dodging        | 3 4 5 6 7 8 |  8.7
Armour         | 1 2 3 4 5 6 7 8 |  8.0
Fighting       | 3 4 5 6 7 8 9 |  9.2
Shields        | 1 2 3 4 |  4.0
Evocations     | 1 3 5 6 7 |  7.5

Action                   |  1- 3 |  4- 6 |  7- 9 | 10-12 || total
-------------------------+-------+-------+-------+-------++-------
Melee: War axe           |    63 |    42 |   173 |   244 ||   522
       Hand axe          |    41 |    23 |       |       ||    64
       Headbutt          |       |     4 |    29 |    49 ||    82
 Fire: Hunting sling     |       |       |    15 |    54 ||    69
Throw: Throwing net      |       |     1 |       |       ||     1
  Use: Scroll            |       |       |       |    12 ||    12
       Potion            |       |       |       |     1 ||     1
 Stab: Sleeping          |     1 |       |       |       ||     1
       Distracted        |       |       |     2 |     5 ||     7
Armor: Leather armour    |    12 |       |       |       ||    12
       Ring mail         |    14 |    17 |    36 |    57 ||   124
Dodge: Dodged            |    63 |    39 |   123 |   174 ||   399
Block: Buckler           |     6 |    19 |    50 |    65 ||   140

Table legend: (Time is in decaauts)
 A = Elapsed time spent in this place.
 B = Non-inter-level travel time spent in this place.
 C = Inter-level travel time spent in this place.
 D = Time resting spent in this place.
 E = Time spent auto-exploring this place.
 F = Levels seen in this place.
 G = Mean time per level.
                   A        B        C        D        E       F      G
               +--------+--------+--------+--------+--------+-----+--------+
         Total |  14027 |  13088 |    939 |    370 |  10534 |  16 |  876.7 |
       Dungeon |  10985 |  10149 |    836 |    370 |   8142 |  10 | 1098.5 |
        Temple |     99 |     33 |     66 |      0 |     26 |   1 |   99.0 |
          Lair |   2557 |   2520 |     37 |      0 |   2117 |   3 |  852.3 |
       Ossuary |    190 |    190 |      0 |      0 |    119 |   1 |  190.0 |
      Gauntlet |    195 |    195 |      0 |      0 |    130 |   1 |  195.0 |
               +--------+--------+--------+--------+--------+-----+--------+

Top non-repeatable levels by time:
    D:10: 1808 daAuts
     D:9: 1750 daAuts
     D:1: 1303 daAuts
  Lair:1: 1291 daAuts
     D:5: 1218 daAuts
  Lair:2: 1139 daAuts
     D:4: 1111 daAuts
     D:8: 1023 daAuts
     D:6: 943 daAuts
     D:7: 699 daAuts
     D:2: 662 daAuts
     D:3: 463 daAuts
Gauntlet: 195 daAuts
 Ossuary: 190 daAuts
  Lair:3: 126 daAuts
